 Dungeon Crawl Stone Soup version 0.15-a0-1403-g2cecdf4 (webtiles) character file.

203 PolkaDot the Ruinous (level 5, -2/35 HPs)
             Began as a Vampire Conjurer on June 11, 2014.
             Was an Initiate of Qazlal.
             Killed from afar by Blork the orc (6 damage)
             ... with a wand of magic darts
             ... on Level 4 of the Dungeon.
             The game lasted 00:11:19 (3073 turns).

PolkaDot the Ruinous (Vampire Conjurer)             Turns: 3073, Time: 00:11:19

HP  -2/35        AC  2     Str  7      XL: 5   Next: 51%
MP  11/18        EV 12     Int 18      God: Qazlal [......]
Gold 43          SH  0     Dex 11 (14) Spells:  3 memorised,  1 level left

rFire  . . .     SeeInvis +     (no weapon)
rCold  . . .     Clarity  .     a - +0 robe
rNeg   . . .     rCorr    .     (no shield)
rPois  .         rRot     .     (no helmet)
rElec  .         Spirit   .     (no cloak)
SustAb .         Warding  .     (no gloves)
rMut   .         Stasis   .     (no boots)
Gourm  .                        (no amulet)
MR     .....                    (no ring)
                                h - ring of magical power

@: very slightly contaminated, regenerating quickly, not resistant to hostile
enchantments, unstealthy
A: fangs 3, see invisible, unbreathing
a: Renounce Religion


You were on level 4 of the Dungeon.
You worshipped Qazlal.
Qazlal was noncommittal.
You were very full.

You visited 1 branch of the dungeon, and saw 4 of its levels.

You collected 43 gold pieces.

Inventory:

Armour
 a - a +0 robe (worn)
Magical devices
 p - a wand of confusion (0)
Scrolls
 b - a scroll of blinking {unknown}
 d - 2 scrolls of identify
 e - a scroll of remove curse {unknown}
 f - a scroll of noise {unknown}
 g - a scroll of random uselessness {unknown}
 i - a scroll of amnesia {unknown}
 j - a scroll of immolation {unknown}
 k - a scroll of fog {unknown}
 l - 3 scrolls of teleportation {unknown}
 n - 2 scrolls of enchant weapon II {unknown}
 r - a scroll of recharging {unknown}
Jewellery
 h - a ring of magical power (left hand)
Potions
 m - 2 potions of mutation {!q}
 o - a potion of curing
 q - a potion of degeneration {!q}
Books
 c - a book of Conjurations

   Spells                             Type                      Level
   *Magic Dart                        Conjuration                  1
   *Searing Ray                       Conjuration                  2
   Dazzling Spray                     Conjuration/Hexes            3
   *Fulminant Prism                   Conjuration/Hexes            4
   Iskenderun's Mystic Blast          Conjuration                  4
   Iskenderun's Battlesphere          Conjuration/Charms           5


   Skills:
 - Level 2.1 Dodging
 - Level 3.0 Stealth
 - Level 2.0 Spellcasting
 * Level 5.0 Conjurations
 + Level 2.3 Hexes


You had one spell level left.
You knew the following spells:

 Your Spells              Type           Power        Failure   Level  Hunger
a - Magic Dart            Conj           ###.         1%          1    #......
f - Fulminant Prism       Conj/Hex       ##........   41%         4    #####..
s - Searing Ray           Conj           ###...       3%          2    ##.....


Dungeon Overview and Level Annotations

Branches:
Dungeon (4/15)
 Temple: D:4-7

Altars:
Ashenzari
Dithmenos
Makhleb
Qazlal
Xom
Zin
The Shining One

Annotations:
D:4 Blork the orc


Innate Abilities, Weirdness & Mutations

Your natural rate of healing is unusually fast.
You have razor-sharp teeth.*
You have supernaturally acute eyesight.
You can survive without breathing.*


Message History

Casting: Searing Ray
Confirm with . or Enter, or press ? or * to list all spells.
Aiming: Fulminant Prism
Press: ? - help, Dir - move target cursor, p - ooze You miscast Fulminant Prism.
You are very lightly contaminated with residual magic.
A wave of violent energy washes through your body!
The bat skeleton hits you but does no damage.
The bat skeleton barely misses you. The ooze misses you.
The bat skeleton hits you.
* * * LOW HITPOINT WARNING * * *
Blork the orc zaps a wand.
The magic dart hits you!
* * * LOW HITPOINT WARNING * * *
Drink which item? (? for menu, Esc to quit)
There was something very wrong with that liquid!
You feel clumsy.
It was a potion of degeneration.
The bat skeleton misses you. The bat skeleton completely misses you.
Blork the orc zaps a wand.
The magic dart hits you!
You die...

.............
...............
...............
...........(...
................#
........<.......#
................#
.......Z........#
.......J@.......#
.......o........#
.........a.....
...............
...(...........
.............
...........
......... ...


You could see Blork the orc, an ooze, a worker ant and a bat skeleton.

Vanquished Creatures
  An orc priest (D:3)
  An orc wizard (D:3)
  Ijyb (D:2)
  Terence (D:2)
  5 adders
  A giant mite (D:3)
  A worm (D:2)
  A giant gecko (D:2)
  3 orcs (D:3)
  2 ball pythons (D:2)
  10 bats
  5 giant cockroaches
  7 hobgoblins
  A quokka (D:2)
  10 giant newts
  4 goblins
  11 kobolds
  4 rats
69 creatures vanquished.

Notes
Turn   | Place    | Note
--------------------------------------------------------------
     0 | D:1      | PolkaDot, the Vampire Conjurer, began the quest for the Orb.
     0 | D:1      | Reached XP level 1. HP: 13/13 MP: 3/3
   240 | D:1      | Reached XP level 2. HP: 19/19 MP: 1/4
   533 | D:1      | Learned a level 2 spell: Searing Ray
  1286 | D:2      | Reached XP level 3. HP: 21/24 MP: 6/6
  1368 | D:2      | Reached skill level 4 in Conjurations
  1543 | D:2      | Noticed an angel
  1552 | D:2      | Found a glowing silver altar of Zin.
  1552 | D:2      | Found a shimmering altar of Xom.
  1668 | D:2      | Found a burning altar of Makhleb.
  1670 | D:2      | Found a stormy altar of Qazlal.
  1729 | D:2      | Found a shadowy altar of Dithmenos.
  1730 | D:2      | Became a worshipper of Qazlal Stormbringer
  1780 | D:2      | Reached XP level 4. HP: 30/30 MP: 7/7
  1859 | D:2      | Learned a level 4 spell: Fulminant Prism
  1913 | D:2      | Noticed Ijyb
  1949 | D:2      | Killed Ijyb
  2097 | D:2      | Noticed Terence
  2113 | D:2      | Reached skill level 1 in Hexes
  2121 | D:2      | Killed Terence
  2361 | D:2      | Found a glowing golden altar of the Shining One.
  2543 | D:3      | Reached XP level 5. HP: 19/35 MP: 9/9
  2854 | D:3      | Reached skill level 5 in Conjurations
  2919 | D:3      | Found a shattered altar of Ashenzari.
  3066 | D:4      | Noticed Blork the orc
  3073 | D:4      | Killed from afar by Blork the orc

Action                   |  1- 3 |  4- 6 || total
-------------------------+-------+-------++-------
Melee: Unarmed           |    21 |     6 ||    27
 Cast: Magic Dart        |    66 |    35 ||   101
       Searing Ray       |     2 |    13 ||    15
Evoke: Wand              |       |     1 ||     1
  Use: Potion            |     1 |     3 ||     4
       Scroll            |       |     1 ||     1
